 Dungeon Crawl Stone Soup version 0.20-a0-309-gcba9277 (webtiles) character file.

30 Leibowitz the Cutter (level 2, -2/24 HPs)
             Began as a Demigod Gladiator on Dec 19, 2016.
             Slain by a hobgoblin
             ... wielding a +0 club
             ... led by Robin
              (9 damage)
             ... on level 2 of the Dungeon.
             The game lasted 00:02:19 (1342 turns).

Leibowitz the Cutter (Demigod Gladiator)            Turns: 1342, Time: 00:02:19

Health: -2/24      AC:  4    Str: 18    XL:     2   Next: 84%
Magic:  4/4        EV: 13    Int: 12    God:
Gold:   67         SH:  0    Dex: 16    Spells: 1/1 levels left

rFire  . . .     SeeInvis .     a - +0 rapier
rCold  . . .     Gourm    .     b - +0 leather armour
rNeg   . . .     Faith    .     (no shield)
rPois  .         Spirit   .     c - +0 helmet
rElec  .         Reflect  .     (no cloak)
rCorr  .         Harm     .     (no gloves)
MR     .....                    (no boots)
Stlth  +.........               p - amulet of regeneration
                                (no ring)
                                (no ring)

@: no status effects
A: high mp 1
a: no special abilities


You were on level 2 of the Dungeon.
You were not hungry.

You visited 1 branch of the dungeon, and saw 3 of its levels.

You collected 67 gold pieces.

Inventory:

Hand Weapons
 a - a +0 rapier (weapon)
Missiles
 d - 3 throwing nets (quivered)
Armour
 b - a +0 leather armour (worn)
 c - a +0 helmet (worn)
Jewellery
 p - an amulet of regeneration (around neck)
Scrolls
 e - a scroll of random uselessness {unknown}
 h - a scroll of remove curse {unknown}
 i - 6 scrolls of identify {unknown}
 j - a scroll of recharging {unknown}
 o - 2 scrolls of fog {unknown}
 r - a scroll of noise {unknown}
Comestibles
 f - 4 bread rations
 g - 2 beef jerkies
 k - 6 fruits
 l - 2 slices of pizza
 n - 2 meat rations


   Skills:
 + Level 1.9 Fighting
 + Level 3.3 Short Blades
 + Level 1.9 Throwing
 + Level 3.0 Dodging
 * Level 0.4 Stealth


You had one spell level left.
You didn't know any spells.

Dungeon Overview and Level Annotations

Branches:
Dungeon (3/15)

Annotations:
D:3 Robin


Innate Abilities, Weirdness & Mutations

You have an increased reservoir of magic. (+10% MP)


Message History

There is a stone staircase leading down here.
You hit the goblin.
You kill the goblin!
The goblin hits you with a dagger.
The hobgoblin hits you but does no damage.
The goblin barely misses you.
You see here a goblin corpse.
You closely miss the goblin. The hobgoblin misses you.
The goblin hits you with a dagger.
You hit the goblin.
The goblin is severely wounded.
The hobgoblin hits you with a club. The goblin hits you with a dagger!
* * * LOW HITPOINT WARNING * * *
You barely miss the goblin.
The goblin is severely wounded.
The hobgoblin closely misses you. The goblin closely misses you.
You barely miss the goblin.
The goblin is severely wounded.
The hobgoblin hits you with a club!
You die...

........#.....# .######.#...<##
## #.####### ############
#.......# #..........# #######.#
#.########.# #.# #.#......#.#
#############.#######.#.#..#.#.#
...............g>g..#.#.#<...#.#
#############.##@##.#.#.##.#.#.#
############........#.#.#..#.#.#
.................####.#.#.##...#
#......#####..........#...######
#......# #.....##########
#......# #..........# ....####
#..........# ....# #..........#
....# ##.##.######


You could see a hobgoblin and a goblin.

Vanquished Creatures
  4 dart slugs
  3 bats
  6 goblins
  3 hobgoblins (D:1)
  4 rats (D:1)
20 creatures vanquished.

Notes
Turn   | Place    | Note
-------+----------+-------------------------------------------
     0 | D:1      | Leibowitz the Demigod Gladiator began the quest for the Orb.
     0 | D:1      | Reached XP level 1. HP: 17/17 MP: 3/3
     6 | D:1      | Noticed an anaconda
     6 | D:1      | Noticed a killer bee
     6 | D:1      | Noticed a lindwurm
     7 | D:1      | Noticed a hog
     7 | D:1      | Noticed a wyvern
   209 | D:1      | Reached XP level 2. HP: 16/24 MP: 4/4
  1086 | D:2      | Found a sparkling altar of Nemelex Xobeh.
  1326 | D:3      | Noticed Robin
  1342 | D:2      | Slain by a hobgoblin

Vault maps used:
D:1:      onia_arrival_zoo_common
D:2:      nemelex_xobeh_ov_fountains_minmay, first_bread
D:3:      lemuel_tele_altar, uniq_robin, uniq_natasha

Skill      XL: |  1  2 |
---------------+-------+-----
Short Blades   | 3 |  3.3
Dodging        | 3 |  3.0
Fighting       | |  1.9
Throwing       | |  1.9
Stealth        | |  0.4

Action                   || total
-------------------------++-------
Melee: Rapier            ||    62
  Use: Potion            ||     4
  Eat: Chunk             ||     1
Armor: Leather armour    ||    14
Dodge: Dodged            ||    40
